 Dungeon Crawl Stone Soup version 0.24.0-13-gcf9b3192b9 (webtiles) character file.

Game seed: 9930759077232239199, levelgen mode: deterministic

632 Matador8 the Purveyor of Pain (level 7, -1/36 HPs)
             Began as a Vampire Necromancer on Nov 5, 2019.
             Was an Initiate of Kikubaaqudgha.
             Slain by Menkaure (18 damage)
             ... on level 4 of the Dungeon.
             The game lasted 00:36:07 (4722 turns).

Matador8 the Purveyor of Pain (Vampire Necromancer) Turns: 4722, Time: 00:36:08

Health: -1/36      AC:  4    Str:  8    XL:     7   Next: 24%
Magic:  2/11       EV: 13    Int: 18    God:    Kikubaaqudgha [......]
Gold:   200        SH:  0    Dex: 15    Spells: 1/12 levels left

rFire    . . .     SeeInvis +   y - +2 short sword (drain)
rCold    + + .     Gourm    .   (no shield)
rNeg     + + +     Faith    .   a - +0 robe
rPois    ∞         Spirit   .   (no helmet)
rElec    .         Reflect  .   (no cloak)
rCorr    +         Harm     .   l - +0 pair of gloves
MR       .....                  A - +0 pair of boots (curse)
Stlth    +++++.....             (no amulet)
HPRegen  0.00/turn              w - ring of resist corrosion
MPRegen  0.12/turn              (no ring)

@: bloodless, regenerating quickly
A: no food, fangs 3, see invisible, unbreathing
a: Bat Form, Revivify, Renounce Religion


You were on level 4 of the Dungeon.
You worshipped Kikubaaqudgha.
Kikubaaqudgha was noncommittal.
You were bloodless.

You visited 2 branches of the dungeon, and saw 7 of its levels.

You collected 200 gold pieces.

Inventory:

Hand Weapons
 y - a +2 short sword of draining (weapon)
Armour
 a - a +0 robe (worn)
 k - a +0 leather armour
 l - a +0 pair of gloves (worn)
 m - a +0 shield
 s - a +0 scale mail
 A - a cursed +0 pair of boots (worn)
Jewellery
 d - an uncursed ring of stealth {unknown}
 h - an uncursed amulet of harm {unknown}
 t - a cursed amulet of inaccuracy {unknown}
 w - a ring of resist corrosion (left hand)
Wands
 p - a wand of random effects (14)
Scrolls
 b - a scroll of enchant weapon {unknown}
 f - 4 scrolls of remove curse {unknown}
 o - 2 scrolls of teleportation {unknown}
 q - 3 scrolls of identify {unknown}
 r - a scroll of amnesia {unknown}
 u - a scroll of noise {unknown}
 v - a scroll of magic mapping {unknown}
 x - a scroll of blinking {unknown}
Potions
 c - a potion of mutation {unknown}
 e - a potion of cancellation {unknown}
 g - 2 potions of ambrosia {unknown}
 i - a potion of lignification {unknown}
 n - a potion of magic {unknown}
 z - 2 potions of agility {unknown}
Comestibles
 j - 10 rations


   Skills:
 + Level 3.9 Short Blades
 - Level 2.1 Dodging
 - Level 5.0 Stealth
 - Level 3.0 Spellcasting
 + Level 3.5 Hexes
 - Level 2.4 Charms
 - Level 6.6 Necromancy


You had one spell level left.
You knew the following spells:

 Your Spells              Type           Power        Failure   Level  Hunger
a - Pain                  Necr           ####         1%          1    N/A
b - Animate Skeleton      Necr           N/A          1%          1    N/A
c - Vampiric Draining     Necr           ####......   3%          3    N/A
d - Regeneration          Chrm/Necr      ###.......   8%          3    N/A
e - Confuse               Hex            ###.....     12%         3    N/A

Your spell library contained the following spells:

 Spells                   Type           Power        Failure   Level  Hunger
 Corona                   Hex            ###....      3%          1    N/A
 Infusion                 Chrm           ##..         6%          1    N/A
 Shock                    Conj/Air       #...         16%         1    N/A
 Animate Dead             Necr           N/A          11%         4    N/A
 Ensorcelled Hibernation  Hex/Ice        #.....       12%         2    N/A
 Tukima's Dance           Hex            ###.....     12%         3    N/A
 Dazzling Spray           Conj/Hex       #.....       24%         3    N/A
 Ozocubu's Armour         Chrm/Ice       #.......     30%         3    N/A
 Airstrike                Air            #.........   85%         4    N/A
 Summon Lightning Spire   Summ/Air       #.......     85%         4    N/A
 Ring of Flames           Chrm/Fire      #.........   100%        7    N/A

Dungeon Overview and Level Annotations

Branches:
Dungeon (6/15)             Temple (1/1) D:4

Altars:
Ashenzari
Dithmenos
Elyvilon
Fedhas
Gozag
Hepliaklqana
Kikubaaqudgha
Makhleb
Nemelex Xobeh
Okawaru
Qazlal
Ru
Sif Muna
Trog
Uskayaw
Vehumet
Wu Jian
Xom
Yredelemnul
Zin
The Shining One

Annotations:
D:2 Robin, Sigmund
D:4 Eustachio, Menkaure


Innate Abilities, Weirdness & Mutations

You do not eat.
You do not regenerate when monsters are visible.
You are frail without blood (-20% HP).
You can heal yourself when you bite living creatures.
You are immune to poison.
You have razor-sharp teeth.
You have supernaturally acute eyesight. (SInv)
You can survive without breathing.


Message History

Confirm with . or Enter, or press ? or * to list all spells.
Aiming: Confuse (safe; 12% risk of failure)
Press: ? - help, Shift-Dir - straight line, f/p - Menkaure
Aim: Menkaure (heavily damaged, fast, chance to defeat MR: 46%) Menkaure resists with some effort.
Menkaure misses you.
Casting: Confuse (safe; 12% risk of failure)
Confirm with . or Enter, or press ? or * to list all spells.
Aiming: Confuse (safe; 12% risk of failure)
Press: ? - help, Shift-Dir - straight line, f/p - Menkaure
Aim: Menkaure (heavily damaged, fast, chance to defeat MR: 46%) Menkaure resists with some effort.
Menkaure barely misses you.
Casting: Confuse (safe; 12% risk of failure)
Confirm with . or Enter, or press ? or * to list all spells.
Aiming: Confuse (safe; 12% risk of failure)
Press: ? - help, Shift-Dir - straight line, f/p - Menkaure
Aim: Menkaure (heavily damaged, fast, chance to defeat MR: 46%) Menkaure resists with some effort.
Menkaure hits you!!
Ouch! That really hurt!
You die...
Kikubaaqudgha rasps: "You have failed me!
Welcome... oblivion!"

#........>##########.#.>.. ##
#....................#)..#
..######.........##########...###
...#.............# #......#
#................# ##.##...###
#.#.###.........# ##..###....#
#.###.........#####.#.###.##.#
...#.........M....#...##.##.#
##.#.#.#........@###.#...###.....
........[###.##.## #.##.## ####.#
##.#.#.### #.##.# #.##.# #.#
##..... #..#.# #.##.# #.# ....>##
##.#.# #.##.#######.# ...## #.#.#
#............. .# #.#.#
####.########. .####### #.#.# #.#
#. )......# #.#.# #.# #.


You could see Menkaure.

Vanquished Creatures
  A black bear (D:6)
  A centaur (D:6)
  A scorpion (D:4)
  An orc priest (D:4)
  3 hounds (D:5)
  An orc wizard (D:4)
  Natasha (thrice) (D:4)
  A gnoll (D:4)
  5 adders
  A shadow imp (D:5)
  An adder skeleton (D:4)
  5 worms
  5 leopard geckos
  10 orcs
  2 ball pythons
  4 giant cockroaches
  11 goblins
  4 hobgoblins
  2 jackals (D:3)
  11 bats
  2 frilled lizards
  5 kobolds (D:1)
  2 quokka skeletons
  9 rats
91 creatures vanquished.

Vanquished Creatures (collateral kills)
  3 adders (D:3)
  A worm (D:3)
  5 goblins
  2 hobgoblins
  A bat (D:3)
  2 frilled lizards
  A rat (D:1)
15 creatures vanquished.

Grand Total: 106 creatures vanquished

Notes
Turn   | Place    | Note
-------+----------+-------------------------------------------
     0 | D:1      | Matador8 the Vampire Necromancer began the quest for the
                  | Orb.
     0 | D:1      | Reached XP level 1. HP: 13/13 MP: 3/3
     9 | D:1      | Learned a level 1 spell: Animate Skeleton
   154 | D:1      | Reached XP level 2. HP: 12/15 MP: 0/5
  1337 | D:2      | Reached XP level 3. HP: 19/19 MP: 2/6
  1442 | D:2      | Learned a level 3 spell: Vampiric Draining
  1532 | D:2      | Found a blossoming altar of Fedhas.
  1625 | D:2      | Noticed Sigmund
  1827 | D:2      | Noticed Robin
  1922 | D:2      | Reached skill level 5 in Necromancy
  2036 | D:2      | You fall into a shaft and drop 2 floors!
  2048 | D:3      | Reached XP level 4. HP: 18/24 MP: 1/8
  2435 | D:3      | Reached skill level 5 in Stealth
  2754 | D:3      | Reached skill level 1 in Short Blades
  2842 | D:3      | You fall into a shaft and drop 3 floors!
  2858 | D:6      | Reached XP level 5. HP: 28/28 MP: 6/9
  2877 | D:6      | Noticed a centaur
  2882 | D:6      | Killed a centaur
  2904 | D:6      | Noticed a black bear
  2911 | D:6      | Killed a black bear
  2911 | D:6      | Reached skill level 6 in Necromancy
  2911 | D:6      | Reached XP level 6. HP: 30/32 MP: 0/10
  2971 | D:5      | Entered Level 5 of the Dungeon
  3122 | D:5      | Noticed a sky beast
  3426 | D:3      | Learned a level 3 spell: Regeneration
  3476 | D:4      | Learned a level 3 spell: Confuse
  3579 | D:4      | Reached skill level 1 in Hexes
  3579 | D:4      | Reached skill level 1 in Charms
  3582 | D:4      | Found a staircase to the Ecumenical Temple.
  3588 | D:4      | Identified the Papyrus of Boosts and the Birds
  3599 | Temple   | Entered the Ecumenical Temple
  3856 | Temple   | Became a worshipper of Kikubaaqudgha
  4035 | D:4      | Reached XP level 7. HP: 33/36 MP: 0/11
  4082 | D:4      | Noticed Natasha
  4094 | D:4      | Killed Natasha
  4125 | D:4      | Noticed Menkaure
  4394 | D:4      | Noticed Eustachio
  4658 | D:4      | Noticed Natasha
  4664 | D:4      | Killed Natasha
  4693 | D:4      | Noticed Natasha
  4696 | D:4      | Killed Natasha
  4722 | D:4      | Slain by Menkaure

Levels and vault maps discovered:
D:1:      dpeg_arrival_tiny_a, layout_basic, solitary_fountain,
          minmay_pentomino_u4
D:2:      layout_loops_ring, fedhas_altar_4, uniq_sigmund, uniq_robin
D:3:      layout_loops_cross, grunt_ministairs_14
D:4:      layout_loops_ring, minmay_temple_entry_offerings,
          hangedman_decor_growths, uniq_menkaure, uniq_eustachio, uniq_natasha
D:5:      minmay_opposing_rooms, layout_rooms, first_ration,
          kb_lookout_dungeons_type
D:6:      layout_layer_cave, serial_shops, nicolae_shop_behind_doors
Temple:   grunt_wide_crystal_templ

Skill      XL: |  1  2  3  4  5  6  7 |
---------------+----------------------+-----
Stealth        | 4 5 |  5.0
Necromancy     | 5 6 |  6.6
Spellcasting   | 3 |  3.0
Short Blades   | 1 3 |  3.9
Hexes          | 2 3 |  3.5
Charms         | 1 2 |  2.4
Dodging        | |  2.1

Action                   |  1- 3 |  4- 6 |  7- 9 || total
-------------------------+-------+-------+-------++-------
Melee: Unarmed           |    11 |       |       ||    11
       Bite              |     4 |     4 |     4 ||    12
       Short sword       |    52 |    93 |    32 ||   177
 Cast: Pain              |    33 |    61 |     7 ||   101
       Animate Skeleton  |    16 |    14 |     6 ||    36
       Vampiric Draining |     3 |     6 |     3 ||    12
       Confuse           |       |       |     3 ||     3
 Abil: Exsanguinate      |     1 |       |       ||     1
 Stab: Sleeping          |    12 |    12 |     3 ||    27
       Distracted        |       |       |     1 ||     1
Armor: Robe              |    17 |    30 |     9 ||    56
Dodge: Dodged            |    43 |    46 |    29 ||   118
